 Dungeon Sprint DCSS version 0.27-a0-988-g25969acef8 (webtiles) character file.

Game seed: 875290872922261182

121136 mhtbhm the Archmage (level 16, -1/124 HPs)
             Began as a Deep Elf Earth Elementalist on Apr 15, 2021.
             Was the Champion of Vehumet.
             Slain by a ghost moth (14 damage)
             ... in the Dungeon (Sprint IX: "|||||||||||||||||||||||||||||").
             The game lasted 00:29:07 (12724 turns).

mhtbhm the Archmage (Deep Elf Earth Elementalist)  Turns: 12724, Time: 00:29:08

Health: -1/124     AC: 13    Str:  3 (4)  XL:     16   Next: 1%
Magic:  0/49       EV: 15    Int: 39      God:    Vehumet [******]
Gold:   101        SH:  0    Dex: 11 (16) Spells: 4/69 levels left

rFire    + . .     SeeInvis .   a - +0 triple sword of the Spider {vorpal, +Rage rElec rN++}
rCold    + . .     Faith    .   (shield currently unavailable)
rNeg     + + +     Spirit   .   b - +2 robe {rC+ rF+}
rPois    +         Reflect  .   J - +1 helmet
rElec    +         Harm     .   H - +2 ratskin cloak {*Rats rPois rN+ Str-1 Int-1 Dex+1}
rCorr    .         Rampage  .   C - +1 pair of gloves
Will     +....     NoTele   +   I - +1 pair of boots
Stlth    ..........             A - amulet of regeneration
HPRegen  1.30/turn              r - +6 ring of intelligence
MPRegen  0.31/turn              n - +6 ring of intelligence

@: berserking (expiring), lethally poisoned (-1 -> -76), very quick
A: no striking features
}: 1/17 runes: barnacled
a: Renounce Religion, Evoke Berserk Rage


You were in the Dungeon.
You worshipped Vehumet.
Vehumet was exalted by your worship.
You visited 1 branch You collected 1944 gold pieces.
You spent 1843 gold pieces at shops.

Inventory:

Hand Weapons
 a - the +0 triple sword of the Spider (weapon) {vorpal, +Rage rElec rN++}
   (You found it in the Dungeon)

   It inflicts extra damage upon your enemies.
   It insulates you from electricity.
   It greatly protects you from negative energy.
   It lets you go berserk.
Missiles
 q - 7 curare-tipped darts (quivered)
 w - 3 throwing nets
Armour
 b - a +2 robe of resistance (worn)
 C - a +1 pair of gloves (worn)
 H - the +2 ratskin cloak (worn) {*Rats rPois rN+ Str-1 Int-1 Dex+1}
   (You found it in the Dungeon)

   It affects your strength (-1).
   It affects your intelligence (-1).
   It affects your dexterity (+1).
   It protects you from poison.
   It protects you from negative energy.
 I - a +1 pair of boots (worn)
 J - a +1 helmet (worn)
 K - the +27 Lear's hauberk
   (You found it in the Dungeon)
Jewellery
 n - a +6 ring of intelligence (right hand)
 r - a +6 ring of intelligence (left hand)
 A - an amulet of regeneration (around neck)
 D - a ring of fire
 F - a ring of willpower
Scrolls
 j - 2 scrolls of amnesia
 m - 4 scrolls of enchant weapon
 o - a scroll of fog
 s - 12 scrolls of enchant armour
 t - 4 scrolls of fear
 u - a scroll of brand weapon
 y - a scroll of identify
Potions
 c - 4 potions of might
 d - 2 potions of curing
 e - 3 potions of heal wounds
 f - 6 potions of mutation
 g - 3 potions of magic
 h - a potion of berserk rage
 i - 3 potions of resistance
 k - a potion of haste
 l - 2 potions of invisibility
 z - a potion of flight
 B - 4 potions of brilliance


   Skills:
 + Level 3.2 Fighting
 + Level 2.0 Staves
 + Level 5.8 Throwing
 + Level 9.6 Dodging
 - Level 2.4 Stealth
 O Level 27 Spellcasting
 * Level 21.6 Conjurations
 + Level 19.6 Transmutations
 * Level 16.0 Fire Magic
 - Level 26.5 Earth Magic
 + Level 6.3 Evocations


You had 4 spell levels left.
You knew the following spells:

 Your Spells              Type           Power      Damage    Failure   Level
a - Sandblast             Erth           100%       2d20      0%          1
b - Passwall              Tmut/Erth      100%       N/A       0%          2
c - Stone Arrow           Conj/Erth      100%       3d13      0%          3
d - Lee's Rapid Deconstr  Erth           65%        3d31*     0%          5
e - Petrify               Tmut/Erth      100%       N/A       0%          4
f - Sticky Flame          Conj/Fire      100%       2d11      0%          4
g - Eringya's Noxious Bo  Tmut/Pois      46%        N/A       1%          6
h - Iron Shot             Conj/Erth      63%        9d12      0%          6
i - Lehudib's Crystal Sp  Conj/Erth      63%        10d14     1%          8
j - Shatter               Erth           65%        3d48*     1%          9
k - Ignition              Fire           54%        3d15      1%          8
l - Tornado               Air            25%        N/A       100%        9

Your spell library contained the following spells:

 Spells                   Type           Power      Damage    Failure   Level
 Animate Skeleton         Necr           100%       N/A       1%          1
 Apportation              Tloc           100%       N/A       1%          1
 Corona                   Hex            56%        N/A       1%          1
 Summon Small Mammal      Summ           100%       N/A       1%          1


Dungeon Overview and Level Annotations

Branches:
Dungeon (1/1)

Altars:
Cheibriados
Dithmenos
Elyvilon
Fedhas
Gozag
Hepliaklqana
Kikubaaqudgha
Makhleb
Nemelex Xobeh
Okawaru
Qazlal
Ru
Sif Muna
Trog
Uskayaw
Vehumet
Wu Jian
Xom
Yredelemnul
Zin
The Shining One
Beogh
Jiyva
Lugonu

Shops:
D :!**


Message History

You feel clumsy. Something hits you!
Something stings you but does no damage.
You closely miss something.
Something hits you but does no damage. x2
Something stings you but does no damage.
You feel you are being watched by something.
You feel your power leaking away. Something hits you.
You feel clumsy. Something hits you but does no damage.
Something stings you but does no damage.
You miss something.
You feel you are being watched by something.
Something hits you but does no damage. x2
Something stings you but does no damage.
Unknown command.
You barely miss something.
You feel you are being watched by something.
Something hits you! Something hits you.
You feel weakened. Something stings you.
You feel you are being watched by something.
Something hits you!
You feel clumsy. Something hits you. Something stings you.
You are poisoned.
Something poisons you!
You closely miss something.
You feel extremely sick. Something hits you!
Something hits you but does no damage. Something stings you.
You are lethally poisoned!
Something poisons you!
You closely miss something.
* * * LOW HITPOINT WARNING * * *
You feel extremely sick.
You feel you are being watched by something.
You feel your power leaking away. Something hits you!
You die...

..).)...).(..)......▓
▓▓▓▓▓▓▓▓▓▓▓▓▓▓▓▓▓▓▓▓▓
......)...'.........▓
▓▓▓▓▓▓▓▓▓▓▓▓▓▓▓▓▓▓▓.▓
.)).....).).........▓
▓▓▓▓▓▓▓▓▓▓▓▓▓▓▓▓▓▓▓▓▓
.........'..........▓
▓▓▓▓▓▓▓▓▓▓▓▓▓▓▓▓▓▓▓.▓
...............{@r..▓
▓♣♣♣♣♣♣♣♣♣♣♣♣♣♣▓▓▓▓▓▓
,+,,,,,,,,,,,,,+,,,,*
*******************,*
,,,,,,,,,,,,,,,,,,,,*
*********************
,,,,,,+,,,,,,,,,+,,,*
*******************,*
,,,,,,,,,,,,,,,,,,,,*


You could see a friendly river rat.

Vanquished Creatures
  Mara (D)
  Frederick (D)
  Margery (D)
  A lich (D)
  An Orb Guardian (D)
  Frances (D)
  A sphinx (D)
  Agnes (D)
  Ilsuiw (D)
  A nagaraja (D)
  A frost giant (shapeshifter) (D)
  2 frost giants (D)
  6 emperor scorpions (D)
  2 ironbound preservers (D)
  9 stone giants (D)
  A very ugly thing (D)
  A bunyip (D)
  An entropy weaver (D)
  A merfolk javelineer (D)
  Snorg (D)
  An eleionoma (D)
  2 ettins (D)
  2 yaktaur captains (D)
  2 fire dragons (D)
  7 merfolk impalers (D)
  A shambling mangrove (D)
  2 great orbs of eyes (D)
  2 ironbound thunderhulks (D)
  A naga warrior (D)
  Harold (D)
  2 ice dragons (D)
  A merfolk avatar (D)
  3 ironbound frosthearts (D)
  2 hydras (D)
  A death knight (D)
  3 merfolk aquamancers (D)
  A boulder beetle (D)
  A tengu warrior (D)
  An alligator (D)
  An alligator snapping turtle (D)
  A deep troll earth mage (D)
  Sonja (D)
  5 hell knights (D)
  A goliath frog (D)
  A swamp dragon (D)
  4 wizards (D)
  A naga ritualist (D)
  4 orc knights (D)
  A phantasmal warrior (D)
  A necromancer (D)
  2 ironbound convokers (D)
  A harpy (D)
  3 ugly things (D)
  5 orc sorcerers (D)
  2 cyclopes (D)
  A wolf spider (D)
  3 manticores (D)
  A merfolk siren (D)
  3 black mambas (D)
  3 vault sentinels (D)
  Joseph (D)
  3 naga magi (D)
  4 cane toads (D)
  A komodo dragon (shapeshifter) (D)
  2 rime drakes (D)
  2 yaktaurs (D)
  2 demonic crawlers (D)
  A tengu conjurer (D)
  A freezing wraith (D)
  2 komodo dragons (D)
  A merfolk (D)
  A troll (D)
  A tyrant leech (D)
  A bloated husk (D)
  2 wind drakes (D)
  2 polar bears (D)
  2 slime creatures (D)
  A snapping turtle (D)
  6 hornets (D)
  3 tarantellas (D)
  A wraith (D)
  A spriggan (D)
  A wyvern (D)
  Grum (D)
  2 basilisks (D)
  A yak (D)
  A vampire mosquito (D)
  3 wargs (D)
  2 water moccasins (D)
  A naga (D)
  7 orc warriors (D)
  A necrophage (D)
  9 wolves (D)
  A kobold brigand (D)
  2 bullfrogs (D)
  A howler monkey (D)
  3 orc priests (D)
  13 orc wizards (D)
  An adder (D)
  9 orcs (D)
  A bat zombie (D)
  A giant cockroach (D)
  A hobgoblin (D)
  A ball python (D)
  A frilled lizard (D)
  A rat (D)
222 creatures vanquished.

Vanquished Creatures (collateral kills)
  A snapping turtle (D)
1 creature vanquished.

Grand Total: 223 creatures vanquished

Notes
Turn   | Place    | Note
-------+----------+-------------------------------------------
     0 | D        | mhtbhm the Deep Elf Earth Elementalist began the quest for
                  | the Orb.
     0 | D        | Reached XP level 1. HP: 10/10 MP: 6/6
     7 | D        | Reached skill level 4 in Spellcasting
   272 | D        | Noticed a necrophage
   276 | D        | Reached skill level 5 in Spellcasting
   276 | D        | Reached skill level 5 in Earth Magic
   276 | D        | Reached XP level 2. HP: 13/15 MP: 5/10
   280 | D        | Killed a necrophage
   281 | D        | Reached skill level 7 in Spellcasting
   281 | D        | Reached XP level 3. HP: 16/19 MP: 0/14
   281 | D        | Reached XP level 4. HP: 21/24 MP: 0/15
   492 | D        | Learned a level 2 spell: Passwall
   496 | D        | Learned a level 3 spell: Stone Arrow
   502 | D        | Found a snail-covered altar of Cheibriados.
   502 | D        | Found a shadowy altar of Dithmenos.
   502 | D        | Found a white marble altar of Elyvilon.
   502 | D        | Found a blossoming altar of Fedhas.
   502 | D        | Found an opulent altar of Gozag.
   503 | D        | Found a hazy altar of Hepliaklqana.
   504 | D        | Found a viscous altar of Jiyva.
   505 | D        | Found an ancient bone altar of Kikubaaqudgha.
   506 | D        | Found a corrupted altar of Lugonu.
   507 | D        | Found a burning altar of Makhleb.
   508 | D        | Found a sparkling altar of Nemelex Xobeh.
   509 | D        | Found an iron altar of Okawaru.
   510 | D        | Found a stormy altar of Qazlal.
   511 | D        | Found a sacrificial altar of Ru.
   512 | D        | Found a shimmering blue altar of Sif Muna.
   513 | D        | Found a bloodstained altar of Trog.
   514 | D        | Found a hide-covered altar of Uskayaw.
   515 | D        | Found a radiant altar of Vehumet.
   516 | D        | Found an ornate altar of the Wu Jian Council.
   517 | D        | Found a shimmering altar of Xom.
   518 | D        | Found a basalt altar of Yredelemnul.
   519 | D        | Found a glowing silver altar of Zin.
   520 | D        | Found a glowing golden altar of the Shining One.
   524 | D        | Became a worshipper of Vehumet
   562 | D        | Noticed a troll
   562 | D        | Noticed a wyvern
   562 | D        | Noticed a kobold brigand
   562 | D        | Noticed a wraith
   569 | D        | Killed a wyvern
   569 | D        | Killed a kobold brigand
   569 | D        | Reached * piety under Vehumet
   569 | D        | Offered knowledge of Magic Dart by Vehumet.
   570 | D        | Reached skill level 11 in Spellcasting
   570 | D        | Reached skill level 1 in Conjurations
   570 | D        | Reached skill level 10 in Earth Magic
   570 | D        | Reached skill level 1 in Evocations
   570 | D        | Reached XP level 5. HP: 19/28 MP: 11/20
   570 | D        | Reached XP level 6. HP: 22/32 MP: 12/22
   570 | D        | Killed a troll
   571 | D        | Reached skill level 5 in Dodging
   571 | D        | Reached skill level 12 in Spellcasting
   571 | D        | Reached XP level 7. HP: 25/36 MP: 11/25
   578 | D        | Killed a wraith
   578 | D        | Reached ** piety under Vehumet
   579 | D        | Reached skill level 13 in Spellcasting
   678 | D        | Learned a level 5 spell: Lee's Rapid Deconstruction
   683 | D        | Learned a level 4 spell: Petrify
   695 | D        | Noticed a komodo dragon
   695 | D        | Noticed a manticore
   695 | D        | Noticed a brown ugly thing
   695 | D        | Noticed a four-headed hydra
   695 | D        | Noticed a cyclops
   695 | D        | Noticed a boulder beetle
   703 | D        | Killed a komodo dragon
   703 | D        | Offered knowledge of Static Discharge by Vehumet.
   703 | D        | Killed a manticore
   704 | D        | Reached skill level 15 in Spellcasting
   704 | D        | Reached XP level 8. HP: 42/42 MP: 7/29
   719 | D        | Killed a brown ugly thing
   719 | D        | Reached *** piety under Vehumet
   720 | D        | Reached skill level 16 in Spellcasting
   729 | D        | Killed a four-headed hydra
   730 | D        | Reached skill level 1 in Fighting
   730 | D        | Reached skill level 17 in Spellcasting
   730 | D        | Reached skill level 15 in Earth Magic
   730 | D        | Reached XP level 9. HP: 19/47 MP: 3/32
  1040 | D        | Killed a cyclops
  1040 | D        | Offered knowledge of Conjure Flame by Vehumet.
  1162 | D        | Killed a boulder beetle
  1163 | D        | Reached skill level 18 in Spellcasting
  1482 | D        | Noticed a black mamba
  1482 | D        | Noticed a rime drake
  1482 | D        | Noticed a polar bear
  1485 | D        | Offered knowledge of Sticky Flame by Vehumet.
  1486 | D        | Killed a black mamba
  1486 | D        | Reached **** piety under Vehumet
  1487 | D        | Reached XP level 10. HP: 51/52 MP: 26/34
  1488 | D        | Reached skill level 19 in Spellcasting
  1519 | D        | Noticed a cane toad
  1519 | D        | Noticed a cane toad
  1523 | D        | Killed a cane toad
  1523 | D        | Reached ***** piety under Vehumet
  1526 | D        | Killed a cane toad
  1823 | D        | Learned a level 4 spell: Sticky Flame
  1824 | D        | Noticed a cane toad
  1824 | D        | Noticed a cane toad
  1830 | D        | Killed a cane toad
  1830 | D        | Offered knowledge of Fireball by Vehumet.
  1831 | D        | Reached skill level 20 in Spellcasting
  1834 | D        | Killed a cane toad
  1836 | D        | Reached ****** piety under Vehumet
  1840 | D        | Reached skill level 21 in Spellcasting
  1964 | D        | Reached XP level 11. HP: 43/56 MP: 21/38
  2098 | D        | Noticed Harold
  2102 | D        | Killed Harold
  2102 | D        | Offered knowledge of Iskenderun's Battlesphere by Vehumet.
  2290 | D        | Noticed an orc knight
  2303 | D        | Killed an orc knight
  2304 | D        | Offered knowledge of Airstrike by Vehumet.
  2323 | D        | Reached skill level 22 in Spellcasting
  2494 | D        | Noticed an orc knight
  2513 | D        | Killed an orc knight
  2513 | D        | Offered knowledge of Eringya's Noxious Bog by Vehumet.
  2533 | D        | Noticed an orc knight
  2837 | D        | Killed an orc knight
  2840 | D        | Noticed an orc knight
  2867 | D        | Killed an orc knight
  3063 | D        | Learned a level 6 spell: Eringya's Noxious Bog
  3067 | D        | Found Ovassel's Book Emporium.
  3067 | D        | Noticed an orc sorcerer
  3067 | D        | Noticed an orc sorcerer
  3074 | D        | Killed an orc sorcerer
  3074 | D        | Offered knowledge of Bolt of Magma by Vehumet.
  3075 | D        | Reached skill level 1 in Staves
  3077 | D        | Reached skill level 23 in Spellcasting
  3077 | D        | Killed an orc sorcerer
  3078 | D        | Noticed an orc sorcerer
  3085 | D        | Killed an orc sorcerer
  3086 | D        | Reached skill level 5 in Transmutations
  3236 | D        | Found Yssid's Distillery.
  3359 | D        | Found Keajaopn's Assorted Antiques.
  3363 | D        | Found Ubeofipa's Assorted Antiques.
  3367 | D        | Noticed an orc sorcerer
  3375 | D        | Noticed an orc sorcerer
  3376 | D        | Killed an orc sorcerer
  3383 | D        | Killed an orc sorcerer
  3383 | D        | Offered knowledge of Iron Shot by Vehumet.
  3527 | D        | Bought a potion of heal wounds for 50 gold pieces
  3527 | D        | Bought a potion of heal wounds for 50 gold pieces
  3527 | D        | Bought a potion of heal wounds for 50 gold pieces
  3527 | D        | Bought a potion of haste for 100 gold pieces
  3527 | D        | Bought a potion of curing for 30 gold pieces
  3527 | D        | Bought a potion of curing for 30 gold pieces
  3527 | D        | Bought a potion of might for 40 gold pieces
  3527 | D        | Bought a potion of invisibility for 80 gold pieces
  3527 | D        | Bought a potion of curing for 30 gold pieces
  3529 | D        | Bought a runed sapphire amulet for 110 gold pieces
  3531 | D        | Bought a metal-bound book for 450 gold pieces
  3538 | D        | Learned a level 6 spell: Iron Shot
  3538 | D        | Bought a potion of magic for 240 gold pieces
  3538 | D        | Bought a scroll labelled GIOSA RECLOE for 30 gold pieces
  3538 | D        | Bought a fizzy purple potion for 27 gold pieces
  3538 | D        | Bought a scroll labelled ETOKY ROSOGU for 30 gold pieces
  3538 | D        | Bought a scroll labelled GIOSA RECLOE for 30 gold pieces
  3542 | D        | Bought a puce potion for 19 gold pieces
  3542 | D        | Bought a puce potion for 19 gold pieces
  3550 | D        | Bought a potion of curing for 66 gold pieces
  3550 | D        | Bought a potion of mutation for 176 gold pieces
  3550 | D        | Bought a potion of curing for 66 gold pieces
  3552 | D        | Bought a potion of might for 120 gold pieces
  3614 | D        | Noticed Grum
  3621 | D        | Killed Grum
  3717 | D        | Noticed Sonja
  3727 | D        | Killed Sonja
  3840 | D        | Noticed Joseph
  3843 | D        | Killed Joseph
  3908 | D        | Found the +2 ratskin cloak {*Rats rPois rN+ Str-1 Int-1
                  | Dex+1}
  3977 | D        | Noticed a wizard
  3977 | D        | Noticed a death knight
  3978 | D        | Noticed a four-headed hydra
  3980 | D        | Killed a wizard
  3981 | D        | Reached skill level 24 in Spellcasting
  3984 | D        | Killed a death knight
  3985 | D        | Reached XP level 12. HP: 22/62 MP: 21/42
  3988 | D        | Noticed a tengu warrior
  3990 | D        | Noticed a stone giant
  3991 | D        | Killed a four-headed hydra
  3991 | D        | Offered knowledge of Irradiate by Vehumet.
  4226 | D        | Killed a tengu warrior
  4299 | D        | Killed a stone giant
  4300 | D        | Reached skill level 25 in Spellcasting
  4302 | D        | Noticed a great orb of eyes
  4509 | D        | Killed a great orb of eyes
  4693 | D        | Noticed a stone giant
  4697 | D        | Killed a stone giant
  4721 | D        | Noticed a stone giant
  4863 | D        | Killed a stone giant
  4863 | D        | Offered knowledge of Lehudib's Crystal Spear by Vehumet.
  4873 | D        | Learned a level 8 spell: Lehudib's Crystal Spear
  5026 | D        | Noticed an ice dragon
  5031 | D        | Reached skill level 5 in Conjurations
  5031 | D        | Killed an ice dragon
  5124 | D        | Noticed Agnes
  5128 | D        | Killed Agnes
  5129 | D        | Reached skill level 26 in Spellcasting
  5381 | D        | Offered knowledge of Shatter by Vehumet.
  5381 | D        | Offered knowledge of Tornado by Vehumet.
  5381 | D        | Offered knowledge of Ignition by Vehumet.
  5383 | D        | Noticed an alligator snapping turtle
  5405 | D        | Reached XP level 13. HP: 43/68 MP: 10/45
  5811 | D        | Noticed a nagaraja
  5824 | D        | Killed a nagaraja
  5829 | D        | Reached skill level 27 in Spellcasting
  6115 | D        | Reached skill level 1 in Throwing
  6350 | D        | Noticed an eleionoma
  6350 | D        | Noticed a bunyip
  6355 | D        | Killed an eleionoma
  6383 | D        | Killed a bunyip
  6968 | D        | Noticed an entropy weaver
  6976 | D        | Killed an entropy weaver
  7267 | D        | Noticed Frances
  7279 | D        | Learned a level 9 spell: Shatter
  7288 | D        | Learned a level 8 spell: Ignition
  7298 | D        | Learned a level 9 spell: Tornado
  7301 | D        | Killed Frances
  7549 | D        | Noticed Snorg
  7556 | D        | Killed Snorg
  7767 | D        | Noticed a fire dragon
  7767 | D        | Noticed a fire dragon
  7767 | D        | Noticed a stone giant
  7767 | D        | Noticed a white very ugly thing
  7772 | D        | Noticed a frost giant
  7780 | D        | Killed a fire dragon
  7780 | D        | Killed a fire dragon
  8028 | D        | Killed a white very ugly thing
  8029 | D        | Reached XP level 14. HP: 74/74 MP: 19/47
  8232 | D        | Killed a stone giant
  8436 | D        | Killed a frost giant
  8439 | D        | Reached skill level 5 in Fire Magic
  8686 | D        | Noticed a stone giant
  8689 | D        | Reached skill level 10 in Conjurations
  8690 | D        | Killed a stone giant
  8691 | D        | Reached skill level 10 in Transmutations
  8794 | D        | Noticed a frost giant
  8799 | D        | Killed a frost giant
  8867 | D        | Noticed a stone giant
  8875 | D        | Killed a stone giant
  9082 | D        | Noticed a stone giant
  9086 | D        | Killed a stone giant
  9137 | D        | Noticed a stone giant
  9144 | D        | Killed a stone giant
  9173 | D        | Noticed a lich
  9176 | D        | Killed a lich
  9418 | D        | Reached skill level 10 in Fire Magic
  9420 | D        | Noticed an ironbound preserver
  9427 | D        | Killed an ironbound preserver
  9430 | D        | Noticed a sphinx
  9525 | D        | Killed a sphinx
  9525 | D        | Noticed an Orb Guardian
  9526 | D        | Noticed a stone giant
  9768 | D        | Killed an Orb Guardian
 10003 | D        | Killed a stone giant
 10004 | D        | Reached skill level 5 in Evocations
 10288 | D        | Noticed a frost giant
 10291 | D        | Killed a frost giant
 10300 | D        | Reached skill level 15 in Conjurations
 10536 | D        | Reached skill level 15 in Transmutations
 10599 | D        | Reached XP level 15. HP: 67/78 MP: 36/48
 11587 | D        | Noticed Mara
 11590 | D        | Killed Mara
 11752 | D        | Noticed Margery
 11756 | D        | Killed Margery
 12026 | D        | Noticed Frederick
 12030 | D        | Killed Frederick
 12200 | D        | Found the +27 Lear's hauberk
 12209 | D        | Got the +0 triple sword of the Spider {vorpal, +Rage rElec
                  | rN++}
 12382 | D        | Noticed Ilsuiw
 12384 | D        | Reached skill level 5 in Throwing
 12384 | D        | Reached skill level 15 in Fire Magic
 12384 | D        | Killed Ilsuiw
 12592 | D        | Got a barnacled rune of Zot
 12624 | D        | Reached XP level 16. HP: 49/83 MP: 29/49
 12724 | D        | Slain by a ghost moth

Illustrated notes

Levels and vault maps discovered:
D:        linesprint [early_d, line_temple, items_1, d_10, items_2, lair_1,
          lair_end, items_3, orc_1, orc_end, items_4, d_15, swamp_1, shoals_1,
          snake_1, spider_1, d_20, vaults_1, items_5, swamp_end, shoals_end,
          snake_end, spider_end, vaults_end, d_27, items_6, zot_1, zot_end,
          crypt_end, forest_end, elf_end, slime_end, tomb_end, abyss_end,
          pan_hell_end]

Skill      XL: |  1  2  3  4  5  6  7  8  9 10 11 12 13 14 15 |
---------------+----------------------------------------------+-----
Spellcasting   | 5 7 11 12 15 17 18 21 24 26 27 | 27.0
Earth Magic    | 5 7 10 11 13 15 16 18 20 22 26 | 26.5
Dodging        | 3 4 5 6 7 8 9 |  9.6
Conjurations   | 1 4 7 15 21 | 21.6
Evocations     | 1 2 3 4 5 6 |  6.3
Transmutations | 2 3 4 6 8 15 19 | 19.6
Fighting       | 1 2 3 |  3.2
Staves         | 2 |  2.0
Throwing       | 2 3 5 |  5.8
Fire Magic     | 12 16 | 16.0
Stealth        | |  2.4

Action                   |  1- 3 |  4- 6 |  7- 9 | 10-12 | 13-15 | 16-18 || total
-------------------------+-------+-------+-------+-------+-------+-------++-------
Melee: Quarterstaff      |       |       |       |     6 |       |       ||     6
       Triple sword      |       |       |       |       |       |     8 ||     8
Throw: Dart              |       |       |       |     1 |    10 |       ||    11
 Cast: Sandblast         |    14 |     3 |     9 |     4 |       |       ||    30
       Stone Arrow       |       |     1 |     1 |    31 |     7 |       ||    40
       Lee's Rapid Decon |       |       |    15 |    88 |   126 |       ||   229
       Petrify           |       |       |     4 |    26 |    44 |       ||    74
       Iron Shot         |       |       |       |     9 |    23 |       ||    32
       Lehudib's Crystal |       |       |       |     2 |     3 |       ||     5
       Shatter           |       |       |       |       |    44 |     2 ||    46
Evoke: Wand              |       |     3 |       |     7 |     5 |       ||    15
  Use: Potion            |       |     1 |     3 |    12 |     7 |     3 ||    26
       Scroll            |       |       |     1 |     1 |     6 |       ||     8
 Stab: Petrified         |       |       |       |     5 |       |       ||     5
Armor: Robe              |     1 |     2 |       |     2 |    10 |    15 ||    30
Dodge: Dodged            |     8 |       |     6 |    27 |    27 |     3 ||    71

Table legend: (Time is in decaauts) A = Elapsed time spent in this place. B = Non-inter-level travel time spent in this place. C = Inter-level travel time spent in this place. D = Time resting spent in this place. E = Time spent auto-exploring this place. F = Levels seen in this place. G = Mean time per level. A B C D E F G +--------+--------+--------+--------+--------+-----+--------+ Total | 12676 | 12676 | 0 | 8840 | 1447 | 1 | 12676.0 | Dungeon | 12676 | 12676 | 0 | 8840 | 1447 | 1 | 12676.0 | +--------+--------+--------+--------+--------+-----+--------+

Top non-repeatable levels by time:
       D: 12676 daAuts
